 Dungeon Crawl Stone Soup version 0.16.2-2-g470672f (webtiles) character file.

1752 CrazyArbalest the Bolt Thrower (level 8, -4/66 HPs)
             Began as a Centaur Hunter on Aug 21, 2015.
             Killed by divine providence
             ... invoked by an orc priest
              (10 damage)
             ... on level 6 of the Dungeon.
             The game lasted 00:45:17 (8650 turns).

CrazyArbalest the Bolt Thrower (Centaur Hunter)     Turns: 8650, Time: 00:45:17

Health: -4/66      AC: 15    Str: 14    XL:     8   Next: 78%
Magic:  2/2        EV: 10    Int: 10    God:
Gold:   282        SH:  0    Dex: 13    Spells: 0 memorised, 7 levels left

rFire  + . .     SeeInvis +     O - +8 Wrath of Trog {antimagic, *Rage}
rCold  + . .     Rnd*Rage +     L - +4 ring mail of the Soldier {Contam +Fly rC+ SInv}
rNeg   . . .     SustAb   .     (no shield)
rPois  .         Gourm    +     (no helmet)
rElec  .         Spirit   .     (no cloak)
rCorr  .         Warding  .     F - +1 pair of gloves
rMut   .         Stasis   .     (no barding)
MR     .....                    U - amulet of the gourmand
Stlth  ..........               D - +3 ring of protection
                                x - ring of protection from fire

@: very quick, not resistant to hostile enchantments, extremely unstealthy
A: hooves 3, deformed body, speed 2, tough skin 3
a: Evoke Flight


You were on level 6 of the Dungeon.
You were not hungry.

You visited 1 branch of the dungeon, and saw 6 of its levels.
You also visited: Sewer.

You collected 282 gold pieces.

Inventory:

Hand weapons
 a - a +0 mace
 b - a +1 hand crossbow
 t - a +0 war axe
 v - a +0 whip
 y - a +0 whip
 E - a +0 whip
 K - a +0 whip
 O - the +8 Wrath of Trog (weapon) {antimagic, *Rage}
   (You took it off a hobgoblin on level 5 of the Dungeon)

   It disrupts the flow of magical energy around spellcasters and certain
   magical creatures (including the wielder).
   It may make you go berserk in combat.
 Q - a +0 war axe
 W - a +0 spear of pain
 Y - a +0 whip of flaming
Missiles
 c - 14 bolts
Armour
 d - a +0 leather armour
 g - a +0 ring mail
 o - a +0 ring mail
 F - a +1 pair of gloves (worn)
 L - the +4 ring mail of the Soldier (worn) {Contam +Fly rC+ SInv}
   (You found it on level 4 of the Dungeon)

   It protects you from cold.
   It enhances your eyesight.
   It lets you fly.
   It causes magical contamination when unequipped.
 M - a +3 chain mail
 V - a +2 buckler of reflection
 Z - a cursed +1 robe of magic resistance
Jewellery
 x - a ring of protection from fire (left hand)
 D - a +3 ring of protection (right hand)
 U - an amulet of the gourmand (around neck)
Magical devices
 S - a wand of cold (6)
 X - a wand of magic darts (18)
Scrolls
 j - 7 scrolls of remove curse
 k - 4 scrolls of identify {unknown}
 l - 3 scrolls of noise {unknown}
 p - 3 scrolls of enchant armour {unknown}
 w - 4 scrolls of blinking {unknown}
 z - 2 scrolls of teleportation {unknown}
 A - 2 scrolls of fear {unknown}
 B - a scroll of recharging {unknown}
 I - 3 scrolls of magic mapping {unknown}
 J - 3 scrolls of fog {unknown}
 P - a scroll of silence {unknown}
 R - a scroll of amnesia {unknown}
Potions
 e - 4 potions of brilliance
 i - 2 potions of might
 m - 2 potions of degeneration {unknown}
 n - 2 potions of curing {unknown}
 r - 2 potions of ambrosia
 u - a potion of agility {unknown}
 C - a potion of cure mutation {unknown}
 G - 2 potions of heal wounds
 H - 3 potions of magic {unknown}
 T - a potion of restore abilities {unknown}
Comestibles
 f - 5 bread rations
 h - 4 meat rations
 q - a slice of pizza
 s - 5 fruits


   Skills:
 + Level 4.1 Fighting
 + Level 3.3(3.4) Axes
 + Level 1.1(2.4) Maces & Flails
 * Level 7.8 Crossbows
 + Level 3.7 Armour
 + Level 4.5 Dodging
 + Level 1.1 Stealth


You had 7 spell levels left.
You didn't know any spells.

Dungeon Overview and Level Annotations

Branches:
Dungeon (6/15)
 Temple: D:4-7

Altars:
Ashenzari
Cheibriados
Dithmenos
Elyvilon
Fedhas
Ru
Trog
Vehumet
Xom

Portals:
Ossuary: D:6


Innate Abilities, Weirdness & Mutations

You have hooves in place of feet.
Armour fits poorly on your strangely shaped body.
You cover ground very quickly.
You have extremely tough skin (AC +3).


Message History

A sand-covered staircase.
There is a sand-covered staircase here.
Put on which piece of jewellery? (? for menu, Esc to quit)
You feel a craving for the dungeon's cuisine.
U - an amulet of the gourmand (around neck) Eat which item? (? for menu, Esc to quit)
Okay, then.
There is an open door here.
Wield which item (- for none, * to show all)? (? for menu, Esc to quit)
You feel bloodthirsty!
O - the +8 Wrath of Trog (weapon)
{antimagic, *Rage}
Found a sapphire potion.
An orc, an orc priest and an orc wizard come into view.
The orc wizard shouts!
The orc wizard casts a spell at you. The puff of frost hits you! You resist.
* * * LOW HITPOINT WARNING * * *
The orc priest calls down the wrath of Beogh upon you.
Something smites you!
You die...

. .... ..... ......
.##### ..o....
.......## ..o....
.... ........#
.o..... ....
........####........
....
............@..!....!
..........###........
..........####......
............# ......
....(.....#..# .....
#.........##..#....
#.........###..#..
#.........#.##. #
##........#..##


You could see an orc priest, an orc wizard and an orc.

Vanquished Creatures
  Pikel (D:6)
  A sky beast (D:5)
  A water moccasin (D:4)
  An ogre (D:5)
  A centaur (D:4)
  2 giant frogs (Sewer)
  A gnoll sergeant (D:6)
  A scorpion (D:5)
  2 crimson imps
  A hound (D:4)
  2 orc priests
  An iguana (D:5)
  Natasha (D:5)
  5 worker ants
  A mummy (D:6)
  5 gnolls (D:6)
  14 adders
  A giant mite (D:2)
  A river rat (Sewer)
  2 worms
  3 giant geckos
  6 oozes
  13 orcs
  14 ball pythons
  12 bats
  14 hobgoblins
  21 kobolds
  3 giant cockroaches
  7 giant newts
  8 goblins
  2 jackals (D:4)
  43 rats
191 creatures vanquished.

Notes
Turn   | Place    | Note
--------------------------------------------------------------
     0 | D:1      | CrazyArbalest, the Centaur Hunter, began the quest for the Orb.
     0 | D:1      | Reached XP level 1. HP: 17/17 MP: 1/1
   139 | D:1      | Reached XP level 2. HP: 7/24 MP: 2/2
   426 | D:1      | Reached skill level 5 in Crossbows
   775 | D:1      | Reached XP level 3. HP: 26/29 MP: 3/3
   946 | D:2      | Found a sacrificial altar of Ru.
   969 | D:2      | Found a shimmering altar of Xom.
  1018 | D:2      | Found a shadowy altar of Dithmenos.
  1036 | D:2      | Found a bloodstained altar of Trog.
  1354 | D:2      | Found a snail-covered altar of Cheibriados.
  1360 | D:2      | Reached XP level 4. HP: 24/37 MP: 3/3
  2680 | D:2      | Reached skill level 1 in Armour
  3025 | D:3      | Reached XP level 5. HP: 29/42 MP: 4/4
  3763 | D:4      | Reached skill level 6 in Crossbows
  3838 | D:4      | Found a glowing drain.
  3845 | Sewer    | Entered a sewer
  4581 | Sewer    | Reached XP level 6. HP: 42/50 MP: 5/5
  4989 | Sewer    | Reached skill level 1 in Maces & Flails
  5814 | D:4      | Got a jewelled ring mail
  5829 | D:4      | Identified the +4 ring mail of the Soldier {Contam +Fly rC+ SInv} (You found it on level 4 of the Dungeon)
  5878 | D:4      | Found a radiant altar of Vehumet.
  6065 | D:3      | Reached XP level 7. HP: 53/57 MP: 5/5
  6261 | D:4      | Noticed a centaur
  6265 | D:4      | Killed a centaur
  6265 | D:4      | Reached skill level 1 in Axes
  6303 | D:4      | Found a blossoming altar of Fedhas.
  6679 | D:5      | Entered Level 5 of the Dungeon
  7415 | D:5      | Reached skill level 7 in Crossbows
  7645 | D:5      | Reached skill level 1 in Stealth
  7645 | D:5      | Reached XP level 8. HP: 39/63 MP: 6/6
  7814 | D:5      | Found a white marble altar of Elyvilon.
  8087 | D:5      | Noticed Natasha
  8096 | D:5      | Killed Natasha
  8226 | D:6      | Found a shattered altar of Ashenzari.
  8382 | D:6      | Noticed Pikel
  8539 | D:6      | Killed Pikel
  8600 | D:6      | Found a sand-covered staircase.
  8650 | D:6      | Killed from afar by an orc priest

Action                   |  1- 3 |  4- 6 |  7- 9 || total
-------------------------+-------+-------+-------++-------
Melee: Short sword       |    95 |       |       ||    95
       Mace              |    35 |   333 |       ||   368
       War axe           |       |    80 |   135 ||   215
       Battleaxe         |       |       |    32 ||    32
       Whip              |       |       |     8 ||     8
 Fire: Hand crossbow     |     7 |    20 |    24 ||    51
  Use: Potion            |       |     3 |       ||     3
       Scroll            |       |     1 |       ||     1
  Eat: Chunk             |     1 |    14 |     9 ||    24
